Cogmind - Beta 13 @@@ ROGUE MODE // 2024.04.06 @ 23:14:20 Player: michaelman Result: Self-destructed Performance ------------- Evolutions (2) 1000 Regions Visited (3) 600 Robots Destroyed (20) 100 Value Destroyed (562) 562 Prototype IDs (0) 0 Alien Tech Used (0) 0 Bonus (211) 211 TOTAL SCORE: 2473 Bonus ------- Pacifist 200 High Alert Combat Kills 11 Cogmind --------- Core Integrity 117/550 Matter 300/300 Energy 83/100 System Corruption 14% Temperature Cool (0) Movement Core (50) Location -8/Materials Parts ------- > --- POWER (1) -------- (None) > --- PROPULSION (3) --- (None) > --- UTILITY (5) ------ Improved Signal Interpreter > --- WEAPON (2) ------- (None) > --- INVENTORY (5) ---- Improved Ion Engine Peak State ------------ > --- POWER ------------ Light Ion Engine > --- PROPULSION ------- VSS Leg > --- UTILITY ---------- Improved Signal Interpreter > --- WEAPON ----------- Light Assault Rifle > --- INVENTORY -------- (None) [Rating: 8] Favorites ----------- Power Ion Engine Engine Ion Engine Propulsion Aluminum Leg Leg Aluminum Leg Utility Sensor Array Device Sensor Array Processor Improved Signal Interpreter Weapon Light Assault Rifle Energy Gun Small Laser Ballistic Gun Light Assault Rifle Ballistic Cannon Light Cannon Build | -11 -10 -9 -8 ------- Run | Yrd Mat Mat Mat Slots Evolved 4 | . . 2 2 Power . | . . . . Propulsion 1 | . . . 1 Utility 3 | . . 2 1 Weapon . | . . . . Parts Attached 21 | 5 2 8 6 Power 3 | 1 . 1 1 Engine 3 | 1 . 1 1 Core . | . . . . Reactor . | . . . . Propulsion 5 | 2 . 2 1 Treads . | . . . . Leg 5 | 2 . 2 1 Wheel . | . . . . Hover . | . . . . Flight . | . . . . Utility 2 | . 1 . 1 Device 1 | . 1 . . Storage . | . . . . Processor 1 | . . . 1 Hackware . | . . . . Protection . | . . . . Artifact . | . . . . Weapon 11 | 2 1 5 3 Energy Gun 1 | 1 . . . Energy Cannon . | . . . . Ballistic Gun 8 | 1 1 4 2 Ballistic Cannon 2 | . . 1 1 Launcher . | . . . . Special Weapon . | . . . . Impact Weapon . | . . . . Slashing Weapon . | . . . . Piercing Weapon . | . . . . Special Melee Weapon . | . . . . Unidentified Prototypes . | . . . . Parts Lost 11 | . . 2 9 Power 2 | . . . 2 Propulsion 4 | . . 1 3 Utility 1 | . . . 1 Weapon 4 | . . 1 3 Highest Loss Streak 5 | . . 2 5 To Critical Strikes 1 | . . . 1 Average Slot Usage (%) 57 | . 81 65 35 Engine 9 | . 14 11 4 Leg 19 | . 28 21 12 Device 8 | . 10 11 4 Energy Gun 3 | . 13 . . Ballistic Gun 15 | . 14 21 12 Naked Turns . | . . . . Heaviest Build 11 | 8 9 11 10 Greatest Support 20 | 20 20 20 20 Greatest Overweight (x) 1 | 1 . . . Average Overweight (x) . | . . . . Largest Inventory Capacity 5 | 5 5 5 5 Average Capacity 5 | 5 5 5 5 Most Carried 5 | 5 5 5 3 Average Carried 3 | 1 3 4 1 Final Capacity 5 | 5 5 5 5 Final Carried 5 | 1 5 3 1 Class Distribution -------------------- 100% | Mutant Dominant Class ---------------- Mutant | -10/Materials Mutant | -9/Materials Mutant | -8/Materials Resources | -11 -10 -9 -8 ----------- Run | Yrd Mat Mat Mat Matter Collected 689 | 248 15 282 144 Remotely . | . . . . Salvage Created 631 | . . 427 204 Parts 45 | . . 35 10 Haulers Intercepted . | . . . . Recyclers Shooed . | . . . . Parts Field Recycled . | . . . . Retrieved Matter . | . . . . Parts Self-Destructed . | . . . . Prevented . | . . . . Kills | -11 -10 -9 -8 ------- Run | Yrd Mat Mat Mat Combat Hostiles Destroyed 20 | . . 15 5 Guns 18 | . . 14 4 Cannons 2 | . . 1 1 Classes Destroyed 4 | . . 4 . Swarmer 8 | . . 8 . Grunt 6 | . . 4 2 Brawler 2 | . . 1 1 Sentry 4 | . . 2 2 Best Kill Streak 5 | . . 5 4 Combat Bots Only 5 | . . 5 4 Max Kills in Single Turn 1 | . . 1 1 Gunslinging . | . . . . Exploded . | . . . . Melee . | . . . . Uniques/NPCs Destroyed . | . . . . Combat | -11 -10 -9 -8 -------- Run | Yrd Mat Mat Mat Hostile Shots Fired 191 | . . 72 119 Missed 60 | . . 18 42 Damage Taken 1710 | . . 694 1016 Core 539 | . . 106 433 Absorbed by Shields . | . . . . Core Remaining (%) 91 | 100 100 73 . Volleys Fired 77 | . 1 43 33 Largest 2 | . 2 2 2 Hottest 60 | . 60 55 58 Shots Fired 131 | . 2 85 44 Gun 113 | . 2 80 31 Cannon 18 | . . 5 13 Launcher . | . . . . Special . | . . . . Kinetic 130 | . 1 85 44 Thermal 1 | . 1 . . Explosive . | . . . . Electromagnetic . | . . . . Robot Hit Streak 14 | . . 13 14 Robot Miss Streak 4 | . 2 4 3 Penetration Max . | . . . . Secondary Targets . | . . . . Shots Hit Robots 76 | . . 48 28 Core Hits 36 | . . 21 15 Critical Kills . | . . . . Critical Parts Destroyed 1 | . . 1 . Critical Strikes 2 | . . 1 1 Destroy 1 | . . 1 . Blast 1 | . . . 1 Melee Attacks . | . . . . Impact . | . . . . Slashing . | . . . . Piercing . | . . . . Sneak Attacks . | . . . . Combat Hostiles . | . . . . Follow-up Attacks . | . . . . Damage Inflicted 941 | . . 551 390 Guns 691 | . . 533 158 Cannons 234 | . . 18 216 Explosions . | . . . . Melee . | . . . . Ramming 16 | . . . 16 Kinetic 925 | . . 551 374 Thermal . | . . . . Explosive . | . . . . Electromagnetic . | . . . . Impact . | . . . . Slashing . | . . . . Piercing . | . . . . Highest Corruption 14 | . . 2 14 Average Corruption 8 | . . 2 11 Corruption Purged . | . . . . Corruption Blocked . | . . . . Effects 13 | . . 2 11 Message Errors 3 | . . 1 2 Matter Fused 2 | . . . 2 Energy Discharges 2 | . . . 2 Parts Rejected 1 | . . . 1 Data Loss (minor) 1 | . . . 1 Data Loss (major) 1 | . . 1 . Misdirections 3 | . . . 3 Overload Shots . | . . . . Overflow Damage . | . . . . Projectiles . | . . . . Explosions . | . . . . Melee . | . . . . Knockbacks 2 | . . . 2 Impact . | . . . . Kinetic 2 | . . . 2 Secondary . | . . . . Self-Inflicted Damage 4 | . . . 4 Shots . | . . . . Rammed 4 | . . . 4 Targets Rammed 6 | . . . 6 Kicked 2 | . . . 2 Crushed . | . . . . Highest Temperature 25 | . . 25 20 Average Temperature 7 | . . 7 7 Received Heat Transfer 363 | . . 138 225 Siege Activations . | . . . . Robots Corrupted . | . . . . Combat Hostiles . | . . . . Parts Fried . | . . . . Impact Corruptions . | . . . . Robots Melted . | . . . . Combat Hostiles . | . . . . Parts Melted . | . . . . Heat Transferred . | . . . . Parts Sabotaged . | . . . . Parts Stolen . | . . . . Parts Stripped . | . . . . Power Chain Reactions . | . . . . Alert | -11 -10 -9 -8 ------- Run | Yrd Mat Mat Mat Peak Influence 416 | . 15 416 206 Initial 91 | . . 5 91 Average 110 | . 13 200 102 Maximum Alert Level 2 | . . 2 1 Low Security (%) 83 | 100 100 53 96 Level 1 13 | . . 36 3 Level 2 3 | . . 9 . Level 3 . | . . . . Level 4 . | . . . . Level 5 . | . . . . High Security . | . . . . Max Security . | . . . . Squads Dispatched 3 | . 3 . . Investigation 1 | . 1 . . Extermination . | . . . . Reinforcement 2 | . 2 . . Assault . | . . . . Garrison . | . . . . Intercept . | . . . . Searches Triggered . | . . . . Construction Impeded . | . . . . Haulers Reinforced . | . . . . Active Scanning Responses . | . . . . Cargo Convoy Interrupts . | . . . . Stealth | -11 -10 -9 -8 --------- Run | Yrd Mat Mat Mat Distress Signals 5 | . 2 1 2 Communications Jammed . | . . . . Distress Signals . | . . . . Times Spotted 39 | . 1 19 19 Peak Tracking Total 7 | . 1 7 7 Tactical Retreats 4 | . . 1 3 Traps | -11 -10 -9 -8 ------- Run | Yrd Mat Mat Mat Traps Triggered 1 | . . 1 . Indirectly . | . . . . Trap Hack Attempts . | . . . . Triggered . | . . . . Disarmed . | . . . . Reprogrammed . | . . . . Reused . | . . . . Traps Extracted . | . . . . Installed . | . . . . Triggered . | . . . . Machines | -11 -10 -9 -8 ---------- Run | Yrd Mat Mat Mat Machines Disabled . | . . . . Max in Single Turn . | . . . . Machines Repaired . | . . . . Machines Dismantled . | . . . . Machines Sabotaged . | . . . . Overloaded Fab Kills . | . . . . Hacking | -11 -10 -9 -8 --------- Run | Yrd Mat Mat Mat Machines Accessed 3 | . . 2 1 Terminals 3 | . . 2 1 Fabricators . | . . . . Repair Stations . | . . . . Recycling Units . | . . . . Scanalyzers . | . . . . Garrison Access . | . . . . Total Hacks 7 | . . 6 1 Successful 6 | . . 5 1 Failed 1 | . . 1 . Catastrophic . | . . . . Database Lockouts . | . . . . Manual . | . . . . Terminals 7 | . . 6 1 Fabricators . | . . . . Repair Stations . | . . . . Recycling Units . | . . . . Scanalyzers . | . . . . Garrison Access . | . . . . Terminal Hacks 6 | . . 5 1 Record 2 | . . 2 . Alert Level 1 | . . 1 . Locate Traps 1 | . . 1 . Dispatch Records 1 | . . 1 . Zone Layout 1 | . . . 1 Fabricator Hacks . | . . . . Repair Station Hacks . | . . . . Recycling Unit Hacks . | . . . . Scanalyzer . | . . . . Garrison Access Hacks . | . . . . Unauthorized Hacks . | . . . . Terminals . | . . . . Fabricators . | . . . . Repair Stations . | . . . . Recycling Units . | . . . . Scanalyzers . | . . . . Garrison Access . | . . . . Data Cores Recovered . | . . . . Used . | . . . . Hacking Detections 1 | . . 1 . Full Trace Events . | . . . . Feedback Events . | . . . . Feedback Blocked . | . . . . Robot Schematics Acquired . | . . . . Robots Built . | . . . . Authchips . | . . . . Time . | . . . . Total Robot Build Rating . | . . . . Part Schematics Acquired . | . . . . Parts Built . | . . . . Authchips . | . . . . Time . | . . . . Total Part Build Rating . | . . . . Parts Repaired . | . . . . Time . | . . . . Parts Recycled . | . . . . Recycled Matter . | . . . . Retrieved Matter . | . . . . Retrieved Components . | . . . . Parts Scanalyzed . | . . . . Part Schematics Acquired . | . . . . Parts Damaged . | . . . . Bothacking | -11 -10 -9 -8 ------------ Run | Yrd Mat Mat Mat Used RIF Installer . | . . . . Robots Hacked . | . . . . Non-combat . | . . . . Combat . | . . . . Robot Hacks Applied . | . . . . Relay Couplers Released . | . . . . Fabnet Peak Effective % . | . . . . Robots Rewired . | . . . . Allies Hacked . | . . . . Hacks Repelled . | . . . . Allies | -11 -10 -9 -8 -------- Run | Yrd Mat Mat Mat Total Allies . | . . . . Largest Group . | . . . . Highest-Rated Group . | . . . . Highest-Rated Ally . | . . . . Total Orders . | . . . . Ally Attacks . | . . . . Total Damage . | . . . . Kills . | . . . . Allies Corrupted . | . . . . Allies Melted . | . . . . Intel | -11 -10 -9 -8 ------- Run | Yrd Mat Mat Mat Robot Analysis Total . | . . . . Derelict Logs Recovered . | . . . . Drone Launches . | . . . . Drone Recoveries . | . . . . Exploration | -11 -10 -9 -8 ------------- Run | Yrd Mat Mat Mat Turns Passed 1349 | 43 328 455 523 Spaces Moved 798 | 40 133 242 383 Core 97 | 22 . . 75 Treads . | . . . . Legs 701 | 18 133 242 308 Wheels . | . . . . Hover . | . . . . Flight . | . . . . Fastest Speed 50 | 50 120 120 50 Average Speed 110 | 84 120 120 103 Slowest Speed 120 | 120 120 120 120 Overloaded Moves . | . . . . Propulsion Burnouts . | . . . . Robots Hopped . | . . . . Cave-ins Triggered . | . . . . Exploration Rate (%) 19 | 2 25 23 26 Regions Visited 3 Branch Regions . Pre-discovered Areas . | . . . . Known Exits Taken . | . . . . Unknown Exits Taken 3 | 1 1 1 . Scrap Searched . | . . . . Spaces Dug . | . . . . Terrain Destroyed . | . . . . Melee . | . . . . Projectile . | . . . . AOE . | . . . . Terrain Rammed . | . . . . Walls Destroyed . | . . . . Machines Disabled . | . . . . Actions | -11 -10 -9 -8 --------- Run | Yrd Mat Mat Mat Total 1142 | 49 299 326 468 Wait 222 | . 157 28 37 Move 795 | 39 132 241 383 Hop . | . . . . Pick Up 17 | 5 6 3 3 Fast Attach 1 | 1 . . . Attach 12 | 4 1 2 5 Detach . | . . . . Swap 8 | . 1 6 1 Drop 4 | . 1 3 . Fire 77 | . 1 43 33 Melee . | . . . . Ram 4 | . . . 4 Kick 2 | . . . 2 Crush . | . . . . Escape Stasis . | . . . . Rewire . | . . . . Trap . | . . . . Miscellaneous . | . . . . Route ------- -11/Scrapyard -10/Materials -9/Materials -8/Materials (discovered 1 exit: [*Fac]) History --------- Turn | Location | Event 3 | -11/Scrapyard | Discovered new exit (range 15) 44 | -11/Scrapyard | Entered Materials 106 | -10/Materials | Discovered new exit (range 16) 310 | -10/Materials | Build established: Mutant 372 | -10/Materials | Entered another Materials area 372 | -9/Materials | Evolved 2 slots: Utility x2 789 | -9/Materials | Discovered new exit (range 16) 827 | -9/Materials | Entered another Materials area 827 | -8/Materials | Evolved 2 slots: Propulsion x1, Utility x1 1093 | -8/Materials | System corruption reached 10% 1123 | -8/Materials | Lost 5 parts (1p1n1u2w) 1259 | -8/Materials | Discovered new exit (range 3) 1338 | -8/Materials | Core integrity fell below 50% 1350 | -8/Materials | Self-destructed Last Messages --------------- 01305_ System corrupted: Component data lost. 01308_ Y-45 Defender destroyed. 01310_ Acquired 44 matter. 01312_ Acquired Imp. Ion Engine. 01322_ QCENB%AWM3V8DUKXLYL< MTK140 48URB&GRTRV 01323_ Lgt. Ion Engine destroyed. 01323_ Lgt. Assault Rifle destroyed. 01327_ S-10 Pest destroyed. 01331_ K-01 Serf collects debris. 01334_ Kicked S-10 Pest. 01334_ K-01 Serf collects debris. 01335_ Kicked S-10 Pest out of the way. 01335_ VSS Leg destroyed. 01336_ Slammed into S-10 Pest. 01337_ Destabilizing: Core damaged (-27). 01338_ Slammed into S-10 Pest. 01339_ Destabilizing: System corrupted (+2). 01340_ K-01 Serf collects debris. 01341_ Critical hit (Burn: +37). 01345_ System corrupted: Energy discharge (-31). Map ----- +----------------------------------------------------+ | ???????????????????????????????????????? | | ???????????????????????????????????????? | | ???????????????????????????????????????? | | ???????????????????????????????????????? | | ???????????????????????????????????????? | | ???????????????????????????????????????? | | ???????????????????????????????????????? | | ???????????????????????????????????????? | | #??????????????????????????????????????? | | ???????????????????????????????????? | | ###??????????????????????? ???????????? | | #???????????????????????## ??????????? | | #??????????????????????? ??????????? | | #??????????????????????# ??????????? | | +??????????????????????# "? ???????? | | ???????????????????????# T" #??????? | | ???????????????????????# "" #??????? | | ???????????????????????# ???????? | | ???????????????????????# #??????? | | ???????????????????????# #??????? | | ???????????????????????# #??????? | | ???????????????????????# #??????? | | ???????????????#####+### """ #??????? | | ???????????????? s """ #??????? | | ???????????????????? s s """ #??????? | | ???????????????????????# @ #??????? | | ????###############+##### #??????? | | ????# # # """ #??????? | | ????# """ # """ """ + """ #??????? | | ????# """ # """ """ # """ #??????? | | ????# """ # """ """ # #??????? | | ????# "" # # #??????? | | ????# S"" # # """ #??????? | | ????# "" # # """ +??????? | | ????# # # """ #??????? | | ############/########/### #??????? | | = %%%%% #???? | | ! =%* #???? | | #################################??????? | | ???????????????????????????????????????? | | ???????????????????????????????????????? | | ???????????????????????????????????????? | | | | | | | | | | | | | | | | | +----------------------------------------------------+ Best States ------------- Heat Dissipation 31 Energy Generation 10 Energy Capacity 250 Matter Stores 300 Matter Capacity 300 Sight Range 16 Robot Scan Range 14 Terrain Scan Density 10 Evasion (%) 55 Item Schematics ----------------- None Robot Schematics ------------------ None Fabricated ------------ Nothing Alien Tech Used ----------------- None Achievements -------------- System Compromised Challenges ------------ None Game ------ Seed WeightControlField Manual? 0 Play Time 00:18:50 Cumulative 4.2 hours Start 2024.04.06 @ 22:50:25 End 2024.04.06 @ 23:14:20 Sessions 1 Manual Loads 0 Difficulty Rogue Special Mode None Game No. 8 Rogue 8 Adventurer 0 Explorer 0 Win Type - Total 0 Types 0/0/0/0/0/0/0/0/0 Lore% 3 Gallery% 7 Achievement% 10 Wizard Run 0 Options --------- Layout 1 ASCII 0 Keyboard 0 Movement Mouse Keybinds 0 Fullscreen 1 Font 24/Swanston Map View 50x35 Zoom Use 0% Tactical HUD 1 Map Filters NONE Filters NONE Steam 1 RUN: e8ff4cd0-c632-45a4-b7b5-63ae3f3ff3a8